 Dungeon Crawl Stone Soup version 0.31-a0-875-g02e7d12df6 (webtiles) character file.

Game seed: 16803385353972765578

667 cforsyth the Magician (level 7, -10/51 HPs)
             Began as a Djinni Necromancer on Oct 12, 2023.
             Mangled by an ice beast (21 damage)
             ... on level 5 of the Dungeon.
             The game lasted 00:04:07 (4414 turns).

cforsyth the Magician (Djinni Necromancer)          Turns: 4414, Time: 00:04:08

Health: -10/51     AC:  2    Str:  7    XL:     7   Next: 88%
Gold:   187        EV: 12    Int: 18    God:
                   SH:  0    Dex: 14

rFire   + + .        (no weapon)
rCold   x . .        (no shield)
rNeg    . . .        a - +0 robe
rPois   ∞            (no helmet)
rElec   .            (no cloak)
rCorr   .            (no gloves)
SInv    .            (boots unavailable)
Will    .....        (no amulet)
Stlth   ++           (no ring)
HPRegen 0.28/turn    (no ring)
MPRegen 0.00/turn

%: infuse magic (-11 HP)
@: flying
A: sickness immunity, fire resistance 2, cold vulnerability 1, float, innate
caster, HP casting, extra vitality 1
a: no special abilities


You were on level 5 of the Dungeon.
You visited 1 branch of the dungeon, and saw 5 of its levels.

You collected 187 gold pieces.

Inventory:

Armour
 a - a +0 robe (worn)
Wands
 s - a wand of flame (25)
 t - a wand of charming (2)
Scrolls
 c - a scroll of poison {unknown}
 f - a scroll of teleportation {unknown}
 h - 2 scrolls of identify {unknown}
 i - a scroll of revelation {unknown}
 j - a scroll of brand weapon {unknown}
 k - 2 scrolls of noise {unknown}
 l - a scroll of butterflies {unknown}
 n - a scroll of amnesia {unknown}
 p - a scroll of fog {unknown}
 q - a scroll of blinking {unknown}
 r - 2 scrolls of immolation {unknown}
Potions
 b - 4 potions of curing {unknown}
 d - a potion of haste {unknown}
 e - 2 potions of heal wounds {unknown}
 g - a potion of mutation {unknown}
 m - 2 potions of berserk rage {unknown}
 o - a potion of enlightenment {unknown}


   Skills:
 + Level 3.9 Fighting
 - Level 2.1 Dodging
 - Level 1.5 Stealth
 * Level 6.1 Spellcasting
 * Level 6.1 Conjurations
 * Level 6.1 Hexes
   Level 0.0 Charms
 * Level 6.1 Summonings
 * Level 6.1 Necromancy
 * Level 6.1 Translocations
 * Level 6.1 Transmutations
 * Level 6.1 Fire Magic
 * Level 6.1 Ice Magic
 * Level 6.1 Air Magic
 * Level 6.1 Earth Magic
 * Level 6.1 Poison Magic


You knew the following spells:

 Your Spells              Type           Power      Damage    Failure   Level
a - Necrotise             Necr           100%       1d9       1%          1
b - Vampiric Draining     Necr           27%        2d7       2%          3
c - Animate Dead          Necr           27%        N/A       10%         4
d - Agony                 Necr           27%        N/A       26%         5
e - Sandblast             Erth           54%        2d13      1%          1
f - Searing Ray           Conj           54%        2d6       1%          2
g - Gell's Gravitas       Tloc           27%        N/A       2%          3
Your spell library was empty.

Dungeon Overview and Level Annotations

Branches:
Dungeon (5/15)
 Temple: D:4-7

Altars:

Annotations:
D:2 1 runed translucent door, Crazy Yiuf


Innate Abilities, Weirdness & Mutations

You are immune to sickness and miasma.
You are immune to poison.
Your flesh is very heat resistant. (rF++)
You are vulnerable to cold. (rC-)
You float through the air rather than walking.
You learn spells naturally, not from books.
Your magical power is your life essence.
You have superior vitality. (+4 MHP)


Message History

Aim: an orc priest, wielding a +0 mace (almost dead, chance to affect: 83%)
The orc priest writhes in agony.
You kill the orc priest!
The dead are walking!
Your orc priest skeleton crumbles into dust!
You see here a +0 mace.
You see here a +0 club.
Key pressed, stopping explore.
Done exploring.
Done exploring.
Done exploring.
Done exploring.
There is a stone staircase leading down here.
You fly downwards.
Found a shiny gold wand, 11 gold pieces and 5 stones.
There is a stone staircase leading up here.
t - a wand of charming (3)
You now have 187 gold pieces (gained 11).
An ice beast comes into view.
An ice beast is nearby!
An ice beast is nearby!
An ice beast is nearby!
The ice beast barely resists.
The ice beast writhes in agony.
The ice beast writhes in agony.
The ice beast writhes in agony.
The ice beast hits you. The ice beast freezes you!
You feel a terrible chill!
The ice beast writhes in agony.
The ice beast hits you. The ice beast freezes you!!
You feel a terrible chill!
* * * LOW HITPOINT WARNING * * *
You are too injured to fight recklessly!
You are too injured to fight recklessly!
You are too injured to fight recklessly!
Aiming: Charm
Press: ? - help, Shift-Dir - straight line, f/p - ice beast
Aim: an ice beast (moderately wounded, chance to affect: 49%)
The ice beast resists with some effort.
The ice beast hits you.
* * * LOW HITPOINT WARNING * * *
The ice beast freezes you!!
You feel a terrible chill!
You die...

.## .. .. #.. ### ..
... #.. ##.##.# #.#
...... #.# #!..# #.#
#.Y.# ##.## #@..#
#...# #...#######.#.#
.#####...#......<..#
#...........#..#.#.##
...........###.#.#.#
............#..#.#.#
#######...#..#.#.#..
#...#.....(###
#...####......


You could see an ice beast.

Vanquished Creatures
  Sigmund (D:2)
  2 black bears (D:4)
  A hound (D:4)
  A jelly (D:4)
  An orc priest (D:4)
  A gnoll bouda (D:3)
  An iguana (D:4)
  Natasha (thrice) (D:3)
  3 adders
  2 worms
  9 orcs (D:4)
  6 ball pythons
  7 bats
  6 endoplasms
  A giant cockroach (D:3)
  4 goblins
  3 hobgoblins
  4 jackals (D:1)
  9 kobolds
  A quokka (D:2)
  A frilled lizard (D:3)
67 creatures vanquished.

Vanquished Creatures (collateral kills)
  An adder (D:2)
  A dart slug (D:1)
  An endoplasm (D:1)
  A hobgoblin (D:1)
  A kobold (D:1)
5 creatures vanquished.

Grand Total: 72 creatures vanquished

Notes
Turn   | Place    | Note
-------+----------+-------------------------------------------
     0 | D:1      | cforsyth the Djinni Necromancer began the quest for the
                  | Orb.
     0 | D:1      | cforsyth set off with the following spells memorised:
                  | Necrotise, Vampiric Draining, Animate Dead, Agony.
     0 | D:1      | Reached XP level 1. HP: 15/15 MP: 0/0
   279 | D:1      | Reached XP level 2. HP: 18/21 MP: 0/0
   405 | D:1      | Reached XP level 3. HP: 22/25 MP: 0/0
   405 | D:1      | Learned a level 1 spell: Sandblast
  1038 | D:2      | Reached XP level 4. HP: 22/31 MP: 0/0
  1091 | D:2      | Found a runed translucent door.
  1092 | D:2      | Noticed Crazy Yiuf
  1158 | D:2      | Noticed Sigmund
  1165 | D:2      | Killed Sigmund
  1166 | D:2      | Reached skill level 5 in Spellcasting
  1166 | D:2      | Reached skill level 5 in Conjurations
  1166 | D:2      | Reached skill level 5 in Hexes
  1166 | D:2      | Reached skill level 5 in Summonings
  1166 | D:2      | Reached skill level 5 in Necromancy
  1166 | D:2      | Reached skill level 5 in Translocations
  1166 | D:2      | Reached skill level 5 in Transmutations
  1166 | D:2      | Reached skill level 5 in Fire Magic
  1166 | D:2      | Reached skill level 5 in Ice Magic
  1166 | D:2      | Reached skill level 5 in Air Magic
  1166 | D:2      | Reached skill level 5 in Earth Magic
  1166 | D:2      | Reached skill level 5 in Poison Magic
  1166 | D:2      | Reached XP level 5. HP: 18/38 MP: 0/0
  1166 | D:2      | Learned a level 2 spell: Searing Ray
  1166 | D:2      | Reached XP level 6. HP: 21/43 MP: 0/0
  2150 | D:3      | Noticed Natasha
  2153 | D:3      | Killed Natasha
  2363 | D:3      | Noticed Natasha
  2367 | D:3      | Killed Natasha
  2427 | D:3      | Noticed Natasha
  2438 | D:3      | Killed Natasha
  2561 | D:4      | Reached XP level 7. HP: 24/50 MP: 0/0
  2561 | D:4      | Learned a level 3 spell: Gell's Gravitas
  3945 | D:4      | Identified the +4 ring mail of Mirth {Harm +Blink Str-3}
  4389 | D:5      | Entered Level 5 of the Dungeon
  4414 | D:5      | Mangled by an ice beast

Illustrated notes

Levels and vault maps discovered:
D:1:      dpeg_arrival_chambers_temple_mockup, layout_basic, serial_aquarium,
          aquarium_bridge_island_small [aquarium_subvault_small_open,
          aquarium_subvault_window, aquarium_subvault_bridge,
          aquarium_subvault_wall, aquarium_subvault_bridge], aquarium_window_1,
          aquarium_window_fake, aquarium_window_1, aquarium_window_2,
          aquarium_view_2c, aquarium_balcony_double_4,
          hangedman_decor_clover_reticule, feat_on_display
D:2:      layout_basic, patterned_corridor, uniq_crazy_yiuf_cottage,
          uniq_sigmund
D:3:      layout_basic, grunt_ministairs_7, uniq_natasha
D:4:      layout_layer_cave, minmay_diced_spiral
D:5:      layout_loops_cross, nicolae_elyvilon_temple_path,
          mainiacjoe_overflow_paths

Skill      XL: |  1  2  3  4  5  6  7 |
---------------+----------------------+-----
Spellcasting   | 4 5 6 |  6.1
Conjurations   | 4 5 6 |  6.1
Hexes          | 4 5 6 |  6.1
Summonings     | 4 5 6 |  6.1
Necromancy     | 4 5 6 |  6.1
Translocations | 4 5 6 |  6.1
Transmutations | 4 5 6 |  6.1
Fire Magic     | 4 5 6 |  6.1
Ice Magic      | 4 5 6 |  6.1
Air Magic      | 4 5 6 |  6.1
Earth Magic    | 4 5 6 |  6.1
Poison Magic   | 4 5 6 |  6.1
Fighting       | 2 3 |  3.9
Dodging        | |  2.1
Stealth        | |  1.5

Action                     |  1- 3 |  4- 6 |  7- 9 || total
---------------------------+-------+-------+-------++-------
   Cast: Necrotise         |    59 |    61 |    65 ||   185
         Searing Ray       |       |       |     1 ||     1
  Evoke: Wand              |       |       |     1 ||     1
 Armour: Robe              |     7 |    11 |    36 ||    54
  Dodge: Dodged            |     8 |    14 |    27 ||    49

Table legend: (Time is in decaauts)
 A = Elapsed time spent in this place.
 B = Non-inter-level travel time spent in this place.
 C = Inter-level travel time spent in this place.
 D = Time resting spent in this place.
 E = Time spent auto-exploring this place.
 F = Levels seen in this place.
 G = Mean time per level.
                   A        B        C        D        E       F      G
               +--------+--------+--------+--------+--------+-----+--------+
         Total |   4413 |   4272 |    141 |    179 |   3661 |   5 |  882.6 |
       Dungeon |   4413 |   4272 |    141 |    179 |   3661 |   5 |  882.6 |
               +--------+--------+--------+--------+--------+-----+--------+

Top non-repeatable levels by time:
     D:4: 1674 daAuts
     D:3: 1142 daAuts
     D:1: 875 daAuts
     D:2: 697 daAuts
     D:5: 24 daAuts
